 Dungeon Crawl Stone Soup version 0.22-a0-480-g991dd4b (webtiles) character file.

11081 Judge the Severer (level 11, -1/95 HPs)
             Began as a Hill Orc Fighter on June 16, 2018.
             Was an Elder of Wu Jian.
             Slain by an orc warrior
             ... wielding a +0 dire flail
              (5 damage)
             ... on level 11 of the Dungeon.
             The game lasted 01:43:02 (13455 turns).

Judge the Severer (Hill Orc Fighter)               Turns: 13455, Time: 01:43:03

Health: -1/95      AC: 16    Str: 23    XL:     11   Next: 72%
Magic:  11/11      EV: 10    Int:  8    God:    Wu Jian [****..]
Gold:   439        SH:  0    Dex: 12    Spells: 10/10 levels left

rFire    x . .     SeeInvis +   u - +0 dagger (flame)
rCold    + + .     Gourm    .   (no shield)
rNeg     . . .     Faith    +   f - +1 ice dragon scales
rPois    .         Spirit   .   (no helmet)
rElec    .         Reflect  .   (no cloak)
rCorr    .         Harm     .   s - +0 pair of gloves
MR       .....                  H - +0 pair of boots (curse)
Stlth    ..........             q - amulet of faith
HPRegen  0.25/turn              c - ring of see invisible
MPRegen  0.12/turn              D - +2 ring of dexterity

@: flying
A: no striking features
a: Wall Jump, Serpent's Lash, Renounce Religion


You were on level 11 of the Dungeon.
You worshipped Wu Jian.
Wu Jian was greatly pleased with you.
You were not hungry.

You visited 1 branch of the dungeon, and saw 11 of its levels.

You collected 604 gold pieces.
You spent 165 gold pieces at shops.

Inventory:

Hand Weapons
 a - a +3 battleaxe
 b - a +0 hunting sling
 e - a +0 shortbow
 j - a +2 antimagic dagger
 n - a cursed +0 trident
 o - a +1 whip of electrocution
 t - a +1 hand axe of chopping
 u - a +0 dagger of flaming (weapon)
 x - a +4 antimagic short sword
 y - a +1 dagger of flaming
 C - a +0 war axe
 P - a cursed +3 battleaxe of freezing
 Q - a +4 glaive
 R - a +0 shortbow
Missiles
 h - 223 stones
 p - 31 sling bullets (quivered)
Armour
 f - +1 ice dragon scales (worn)
 g - a +2 chain mail of positive energy
 s - a +0 pair of gloves (worn)
 H - a cursed +0 pair of boots (worn)
 S - a +0 troll leather armour
Jewellery
 c - a ring of see invisible (left hand)
 q - an amulet of faith (around neck)
 A - a cursed ring of teleportation
 D - a +2 ring of dexterity (right hand)
Wands
 F - a wand of random effects (25)
 I - a wand of digging (18)
 N - a wand of flame (18)
 T - a wand of paralysis (10)
Scrolls
 d - 2 scrolls of amnesia
 r - 2 scrolls of magic mapping
 E - 4 scrolls of identify
 G - 2 scrolls of remove curse
 J - a scroll of silence {unknown}
 K - a scroll of fear {unknown}
Potions
 i - a potion of resistance {unknown}
 l - a potion of flight
 m - 2 potions of agility {unknown}
 v - 2 potions of ambrosia {unknown}
 w - a potion of brilliance {unknown}
 z - 2 potions of curing
 L - a potion of mutation {unknown}
Comestibles
 B - a chunk of flesh
 O - 3 rations


   Skills:
 * Level 8.9 Fighting
 + Level 15.0 Axes
 - Level 1.6(8.7) Maces & Flails
 * Level 7.1 Slings
 * Level 8.4 Armour
 + Level 2.2 Dodging
 + Level 0.7 Stealth
   Level 5.8 Shields


You had 10 spell levels left.
You didn't know any spells.
Your spell library contained the following spells:

 Spells                   Type           Power        Failure   Level  Hunger
 Fireball                 Conj/Fire      #.........   100%        5    ######.
 Apportation              Tloc           #.....       75%         1    ##.....
 Conjure Flame            Conj/Fire      #.......     98%         3    ####...
 Confuse                  Hex            #.......     98%         3    ####...
 Throw Flame              Conj/Fire      #.....       86%         2    ###....
 Summon Small Mammal      Summ           #...         75%         1    ##.....
 Animate Dead             Necr           N/A          100%        4    #####..
 Pain                     Necr           #...         75%         1    ##.....
 Animate Skeleton         Necr           N/A          75%         1    ##.....
 Vampiric Draining        Necr           #.........   98%         3    ####...
 Sticky Flame             Conj/Fire      #.......     100%        4    #####..
 Regeneration             Chrm/Necr      #.........   98%         3    ####...
 Confusing Touch          Hex            #.....       75%         1    ##.....
 Flame Tongue             Conj/Fire      #....        75%         1    ##.....
 Metabolic Englaciation   Hex/Ice        #.........   100%        5    ######.
 Petrify                  Tmut/Erth      #.......     100%        4    #####..
 Inner Flame              Hex/Fire       #.......     98%         3    ####...
 Gell's Gravitas          Tloc           #.........   98%         3    ####...
 Yara's Violent Unravell  Hex/Tmut       #.........   100%        5    ######.


Dungeon Overview and Level Annotations

Branches:
Dungeon (11/15)            Temple (0/1) D:4            Lair (0/6) D:10
    Orc: D:9-12

Altars:
Ashenzari
Dithmenos
Elyvilon
Fedhas
Gozag
Hepliaklqana
Kikubaaqudgha
Makhleb
Nemelex Xobeh
Ru
Trog
Vehumet
Wu Jian
Xom
Yredelemnul

Shops:
D:10 [:=*   D:11 [


Message History

The 11-headed hydra bites you but does no damage.
The 11-headed hydra barely misses you. The orc warrior completely misses you.
You barely miss the 11-headed hydra.
The 11-headed hydra is lightly wounded.
The centaur hits you but does no damage.
The 11-headed hydra bites you but does no damage. x2
The 11-headed hydra bites you!
* * * LOW HITPOINT WARNING * * *
The 11-headed hydra bites you.
* * * LOW HITPOINT WARNING * * *
The 11-headed hydra bites you.
* * * LOW HITPOINT WARNING * * *
The 11-headed hydra barely misses you. The 11-headed hydra bites you!
* * * LOW HITPOINT WARNING * * *
The 11-headed hydra bites you but does no damage.
The 11-headed hydra closely misses you. The 11-headed hydra bites you!
* * * LOW HITPOINT WARNING * * *
The 11-headed hydra bites you but does no damage.
The orc warrior hits you with a dire flail.
You die...

....#.##...##..........
....#.#....#...........#
#.....#....#...........#
...........†........)..#
......#....#.#........##
........###..#.........#
...## #.##.........# ...
#.##..oc.....# ..
#.##..@D.....#
#.##.........#
#.###.......## #.
##.....## #......#
#...%..# #.).)..#
#...)..# #..).).#


You could see a 11-headed hydra (inner flame), an orc warrior (inner flame) and
a centaur (inner flame).

Vanquished Creatures
  3 two-headed ogres
  The ghost of gmonis the Basher, a novice MiBe of Trog (D:7)
  An ugly thing (D:11)
  An orc knight (D:11)
  Maurice (D:8)
  2 trolls
  Grinder (D:4)
  A meliai zombie (D:10)
  Sigmund (D:5)
  5 wraiths
  A hungry ghost (D:8)
  Menkaure (D:5)
  2 water moccasins
  An acid dragon (D:11)
  Duvessa (D:6)
  3 orc warriors
  3 ice beasts
  A sky beast (D:10)
  A phantom (D:6)
  A necrophage (D:9)
  A black bear (D:8)
  3 eyes of draining
  10 ogres
  5 centaurs
  A crocodile (D:7)
  Dowan (D:6)
  3 bullfrogs
  A wyvern skeleton (D:10)
  A water moccasin skeleton (D:6)
  3 scorpions
  11 wights
  2 crimson imps
  A howler monkey (D:7)
  3 jellies
  5 human zombies (D:7)
  3 hounds
  6 orc priests
  8 orc wizards
  3 bullfrog skeletons
  3 centaur skeletons
  Jessica (D:2)
  Ijyb (D:5)
  A human skeleton (D:7)
  7 worker ants
  Natasha (D:4)
  A hound zombie (D:6)
  A hound skeleton (D:9)
  A howler monkey zombie (D:6)
  A howler monkey skeleton (D:8)
  9 adders
  7 gnolls
  3 shadow imps
  2 adder skeletons
  3 worms
  2 dart slugs
  2 leopard geckos
  34 orcs
  4 giant cockroaches
  11 goblins
  10 hobgoblins
  10 jackals
  9 kobolds
  5 quokkas
  A ball python (D:1)
  5 bats
  7 frilled lizards
  A jackal skeleton (D:4)
  A leopard gecko skeleton (D:4)
  7 rats
254 creatures vanquished.

Vanquished Creatures (others)
  A plant (D:4)
1 creature vanquished.

Grand Total: 255 creatures vanquished

Notes
Turn   | Place    | Note
-------+----------+-------------------------------------------
     0 | D:1      | Judge the Hill Orc Fighter began the quest for the Orb.
     0 | D:1      | Reached XP level 1. HP: 19/19 MP: 1/1
   207 | D:1      | Reached XP level 2. HP: 27/27 MP: 2/2
   507 | D:1      | Reached XP level 3. HP: 33/33 MP: 3/3
   613 | D:2      | Found a transporter.
   613 | D:2      | Found a transporter.
   613 | D:2      | Noticed a bullfrog
   635 | D:2      | Noticed Jessica
   747 | D:2      | Killed Jessica
   747 | D:2      | Reached skill level 3 in Axes
   747 | D:2      | Reached skill level 1 in Slings
   777 | D:2      | Reached XP level 4. HP: 35/40 MP: 4/4
   833 | D:2      | Found an ornate altar of the Wu Jian Council.
   868 | D:2      | Became a worshipper of the Wu Jian Council
   888 | D:2      | Found a faded altar of an unknown god.
  1160 | D:2      | Found a basalt altar of Yredelemnul.
  1174 | D:2      | Reached XP level 5. HP: 42/47 MP: 5/5
  1296 | D:2      | Found an opulent altar of Gozag.
  1540 | D:2      | Reached * piety under Wu Jian
  1668 | D:2      | Reached skill level 4 in Axes
  1935 | D:2      | Reached XP level 6. HP: 47/53 MP: 6/6
  2202 | D:3      | Reached skill level 5 in Axes
  2935 | D:4      | Noticed Grinder
  2940 | D:4      | Paralysed by Grinder for 3 turns
  3203 | D:4      | Paralysed by Grinder for 2 turns
  3208 | D:4      | Killed Grinder
  3208 | D:4      | Reached skill level 1 in Maces & Flails
  3208 | D:4      | Reached XP level 7. HP: 39/60 MP: 7/7
  3294 | D:4      | Found a staircase to the Ecumenical Temple.
  3368 | D:4      | Reached ** piety under Wu Jian
  3725 | D:4      | Found a hazy altar of Hepliaklqana.
  4162 | D:4      | Noticed Natasha
  4172 | D:4      | Killed Natasha
  4172 | D:4      | Reached skill level 6 in Axes
  4245 | D:5      | Entered Level 5 of the Dungeon
  4442 | D:5      | Noticed Sigmund
  4479 | D:5      | Reached skill level 5 in Fighting
  4479 | D:5      | Reached XP level 8. HP: 32/68 MP: 8/8
  4822 | D:5      | Killed Sigmund
  4822 | D:5      | Reached skill level 7 in Axes
  4822 | D:5      | Reached skill level 5 in Armour
  4907 | D:5      | Got a translucent falchion
  4909 | D:5      | Identified the cursed +0 falchion of Nutouc {speed, rF+ Dex+2} (You found it on level 5 of the Dungeon)
  5364 | D:5      | Found a bloodstained altar of Trog.
  5471 | D:5      | Noticed Ijyb
  5550 | D:5      | Killed Ijyb
  5761 | D:5      | Noticed Menkaure
  5770 | D:5      | Killed Menkaure
  5770 | D:5      | Reached skill level 8 in Axes
  5770 | D:5      | Reached skill level 1 in Dodging
  5770 | D:5      | Reached skill level 5 in Shields
  6028 | D:6      | Noticed Dowan
  6029 | D:6      | Noticed Duvessa
  6051 | D:6      | Killed Duvessa
  6056 | D:6      | Killed Dowan
  6056 | D:6      | Reached XP level 9. HP: 54/74 MP: 9/9
  6163 | D:6      | Reached *** piety under Wu Jian
  6205 | D:6      | Reached skill level 9 in Axes
  6237 | D:6      | Reached skill level 5 in Slings
  6549 | D:6      | Found a sacrificial altar of Ru.
  7450 | D:7      | Reached skill level 10 in Axes
  7541 | D:7      | Noticed gmonis's ghost (novice MiBe)
  7572 | D:7      | Killed gmonis's ghost
  7929 | D:7      | Found an ancient bone altar of Kikubaaqudgha.
  7985 | D:7      | Reached skill level 11 in Axes
  7991 | D:7      | Reached XP level 10. HP: 73/83 MP: 10/10
  8056 | D:7      | Reached **** piety under Wu Jian
  8202 | D:7      | Reached skill level 12 in Axes
  8724 | D:7      | Found a radiant altar of Vehumet.
  8803 | D:7      | Found a sparkling altar of Nemelex Xobeh.
  8804 | D:7      | Found a shadowy altar of Dithmenos.
  8804 | D:7      | Found a sacrificial altar of Ru.
  8807 | D:7      | Found a shattered altar of Ashenzari.
  9226 | D:8      | Noticed Maurice
  9240 | D:8      | Killed Maurice
  9613 | D:8      | Noticed a two-headed ogre
  9618 | D:8      | Killed a two-headed ogre
  9618 | D:8      | Reached skill level 13 in Axes
 10463 | D:9      | Noticed a two-headed ogre
 10473 | D:9      | Killed a two-headed ogre
 10678 | D:9      | Reached skill level 14 in Axes
 10735 | D:9      | Found a white marble altar of Elyvilon.
 10785 | D:9      | Found a blossoming altar of Fedhas.
 10830 | D:9      | Reached XP level 11. HP: 92/92 MP: 11/11
 11047 | D:9      | Reached ***** piety under Wu Jian
 11077 | D:9      | Found a burning altar of Makhleb.
 11319 | D:9      | Found a shimmering altar of Xom.
 11400 | D:10     | Entered Level 10 of the Dungeon
 11417 | D:10     | Found Baheakk's Jewellery Shop.
 11422 | D:10     | Bought an uncursed ring of see invisible for 165 gold pieces
 11623 | D:10     | Found Taemokke's Armour Boutique.
 11812 | D:10     | Found Dabotooz's Book Shoppe.
 11832 | D:10     | Found a staircase to the Lair.
 11928 | D:10     | Found Feuteli's General Store.
 12075 | D:10     | Noticed a two-headed ogre
 12090 | D:10     | Killed a two-headed ogre
 12645 | D:11     | Found Meckacen's Antique Armour Shop.
 12731 | D:11     | Noticed a brown ugly thing
 12738 | D:11     | Killed a brown ugly thing
 12914 | D:11     | Noticed an eight-headed hydra
 13207 | D:11     | Noticed an orc knight
 13347 | D:11     | Killed an orc knight
 13347 | D:11     | Reached skill level 15 in Axes
 13455 | D:11     | HP: 4/95 [11-headed hydra (8)]
 13455 | D:11     | Slain by an orc warrior

Vault maps used:
D:1:      dpeg_arrival_tiny_f, minmay_misc_feat_tower
D:2:      cheibrodos_greedy_goblins, lemuel_round_altar,
          gammafunk_temple_overflow_arena, old_standard_altar,
          chequers_ecumenical_altar_island, uniq_jessica
D:4:      kennysheep_mini, minmay_temple_entry_overgrown, first_ration,
          uniq_grinder, uniq_natasha
D:5:      trog_eyes_of_draining, kb_lookout_dungeons_type, uniq_sigmund,
          uniq_menkaure, uniq_ijyb
D:6:      basic_altar, uniq_duvessa
D:7:      grunt_temple_overflow_open, vehumet_crystals,
          lemuel_mausoleum_altar_kikubaaqudgha
D:8:      serial_co_window_serial, co_window_of_opportunity_a,
          co_window_of_opportunity_a, co_window_paths_a, co_window_paths_b,
          co_window_of_opportunity_a, co_window_paths_c, co_window_corner_b,
          co_window_corner_cb, co_window_corner_b, co_window_cross_2,
          co_window_paths_c, co_window_4corner_a, glass_columns_a,
          glass_columns_c, glass_columns_c, glass_columns_c, uniq_maurice
D:9:      kennysheep_mini_moat, elyvilon_altar_1,
          nicolae_overflow_hidden_temple, makhleb_blood_cavern_becter
D:10:     lair_entry_dummy, serial_shops, shop, shop_fountains, shop, shop
D:11:     special_room, serial_shops, shop

Skill      XL: |  1  2  3  4  5  6  7  8  9 10 11 |
---------------+----------------------------------+-----
Fighting       | 4 5 6 7 8 |  8.9
Axes           | 3 4 5 6 8 11 14 15 | 15.0
Slings         | 1 2 3 4 5 6 7 |  7.1
Shields        | 4 5 |  5.8
Maces & Flails | 1 |  1.6
Armour         | 4 5 6 7 8 |  8.4
Dodging        | 1 2 |  2.2
Stealth        | |  0.7

Action                   |  1- 3 |  4- 6 |  7- 9 | 10-12 || total
-------------------------+-------+-------+-------+-------++-------
Melee: War axe           |    45 |   219 |   284 |       ||   548
       Whip              |       |     7 |       |       ||     7
       Hand axe          |       |       |    72 |       ||    72
       Battleaxe         |       |       |    51 |   378 ||   429
       Dagger            |       |       |       |     2 ||     2
 Fire: Hunting sling     |    31 |    23 |    18 |    42 ||   114
Invok: Lunge             |       |    11 |    29 |    23 ||    63
       Whirlwind         |       |     3 |       |    27 ||    30
       Wall Jump         |       |       |       |     9 ||     9
       Serpent's Lash    |       |       |       |     2 ||     2
       Heavenly Storm    |       |       |       |     1 ||     1
 Abil: Wall Jump         |       |       |     1 |       ||     1
Evoke: Wand              |       |       |       |     1 ||     1
  Use: Scroll            |     3 |     4 |     8 |    12 ||    27
       Potion            |       |       |     2 |     8 ||    10
  Eat: Ration            |       |     1 |     4 |     6 ||    11
       Chunk             |       |     3 |     3 |     3 ||     9
Armor: Scale mail        |    14 |    20 |       |       ||    34
       Ice dragon scales |       |   101 |   138 |   223 ||   462
       Skin              |       |       |     3 |       ||     3
Dodge: Dodged            |    14 |    71 |    91 |   187 ||   363
Block: Shield            |    20 |   125 |   152 |       ||   297

Table legend:
 A = Spawn XP
 B = Non-spawn XP
 C = Spawn XP percentage of total XP
 D = Spawn monster count
 E = Non-spawn monster count
 F = Spawn count percentage of total count
 G = Total turns spent on level
                    A         B        C        D         E        F      G
               +---------+---------+-------+---------+---------+-------+---------
         Total |       0 |   15830 |   0.0 |       0 |     254 |   0.0 | 13455
               +---------+---------+-------+---------+---------+-------+---------
           D:1 |       0 |      34 |   0.0 |       0 |      20 |   0.0 |   720
           D:2 |       0 |     316 |   0.0 |       0 |      43 |   0.0 |  1447
           D:3 |       0 |     101 |   0.0 |       0 |      17 |   0.0 |   962
           D:4 |       0 |     660 |   0.0 |       0 |      24 |   0.0 |  1510
           D:5 |       0 |    1059 |   0.0 |       0 |      19 |   0.0 |  1381
           D:6 |       0 |    1100 |   0.0 |       0 |      20 |   0.0 |  1403
           D:7 |       0 |    2687 |   0.0 |       0 |      36 |   0.0 |  1553
           D:8 |       0 |    1936 |   0.0 |       0 |      15 |   0.0 |  1408
           D:9 |       0 |    2243 |   0.0 |       0 |      20 |   0.0 |  1016
          D:10 |       0 |    2734 |   0.0 |       0 |      14 |   0.0 |  1236
          D:11 |       0 |    2960 |   0.0 |       0 |      26 |   0.0 |   819
               +---------+---------+-------+---------+---------+-------+---------
